 Dungeon Crawl Stone Soup version 0.31-a0-1616-gbeaec30b81 (webtiles) character file.

Game seed: 6256434482193061212

1783 MisterAzrael the Trooper (level 9, -2/66 HPs)
             Began as a Djinni Fire Elementalist on Jan 11, 2024.
             Was a Follower of Makhleb.
             Slain by a bullfrog (5 damage)
             ... on level 6 of the Dungeon.
             The game lasted 00:14:20 (7242 turns).

MisterAzrael the Trooper (Djinni Fire Elementalist) Turns: 7242, Time: 00:14:20

Health: -2/66      AC:  6    Str:  9    XL:     9   Next: 29%
Gold:   174        EV: 12    Int: 27    God:    Makhleb [*.....] SH:  0 Dex: 15

rFire   + + +        b - staff of fire
rCold   x . .        (no shield)
rNeg    . . .        y - +2 robe {rF+}
rPois   ∞            (no helmet)
rElec   .            (no cloak)
rCorr   .            v - +1 pair of gloves of the Untouchables {Int+3}
SInv    .            (boots unavailable)
Will    .....        (no amulet)
Stlth   ++           q - +6 ring of intelligence
HPRegen 0.31/turn    h - ring of protection from fire
MPRegen 0.00/turn

%: infuse magic (-3 HP)
@: flying
A: sickness immunity, fire resistance 2, cold vulnerability 1, float, innate
caster, HP casting, extra vitality 1
a: Renounce Religion


You were on level 6 of the Dungeon.
You worshipped Makhleb.
Makhleb was aware of your devotion.
You visited 2 branches of the dungeon, and saw 8 of its levels.

You collected 421 gold pieces.
You spent 247 gold pieces at shops.

Inventory:

Hand Weapons
 k - a +0 long sword of flaming
 t - the +0 sling of Ineufal {freeze, Fly rElec rF+}
   (You found it on level 4 of the Dungeon)

   rF+:       It protects you from fire.
   rElec:     It insulates you from electricity.
   Fly:       It grants you flight.
Missiles
 l - a throwing net
Armour
 a - a +0 robe
 v - the +1 pair of gloves of the Untouchables (worn) {Int+3}
   (You bought it in a shop on level 4 of the Dungeon)

   Int+3:     It affects your intelligence (+3).
 y - a +2 robe of fire resistance (worn)
Magical Staves
 b - a staff of fire (weapon)
Jewellery
 h - a ring of protection from fire (right hand)
 q - a +6 ring of intelligence (left hand)
Wands
 i - a wand of roots (7)
Scrolls
 c - a scroll of enchant armour
 m - 2 scrolls of identify {unknown}
Potions
 d - a potion of brilliance {unknown}
 e - a potion of haste {unknown}
 f - 2 potions of might {unknown}
 g - 7 potions of curing {unknown}
 j - a potion of resistance {unknown}
 n - 2 potions of mutation {unknown}
 o - 4 potions of invisibility {unknown}
 p - 3 potions of lignification {unknown}
 r - 2 potions of enlightenment {unknown}
 x - a potion of cancellation {unknown}


   Skills:
 + Level 6.2 Fighting
 + Level 3.6 Staves
 - Level 2.1 Dodging
 - Level 1.5 Stealth
 + Level 5.3 Spellcasting
 + Level 5.3 Conjurations
 + Level 5.3 Hexes
 + Level 5.3 Summonings
 + Level 5.3 Necromancy
 + Level 5.3 Translocations
 + Level 5.3 Fire Magic
 + Level 5.3 Ice Magic
 + Level 5.3 Air Magic
 + Level 5.3 Earth Magic
 + Level 5.3 Alchemy
 * Level 5.9 Evocations


You knew the following spells:

 Your Spells              Type           Power      Damage    Failure   Level
a - Foxfire               Conj/Fire      100%       2x1d9     1%          1
b - Scorch                Fire           100%       2d9       1%          2
c - Volatile Blastmotes   Fire/Tloc      100%       2d18      2%          3
d - Inner Flame           Hex/Fire       52%        N/A       2%          3
e - Flame Wave            Conj/Fire      52%        2d13      8%          4
f - Apportation           Tloc           70%        N/A       1%          1
g - Blink                 Tloc           70%        N/A       1%          2
h - Summon Ice Beast      Ice/Summ       35%        N/A       2%          3
i - Martyr's Knell        Necr/Summ      35%        N/A       8%          4
Your spell library was empty.

Dungeon Overview and Level Annotations

Branches:
Dungeon (7/15)             Temple (1/1) D:5

Altars:
Ashenzari
Cheibriados
Dithmenos
Elyvilon
Fedhas
Gozag
Makhleb
Okawaru
Qazlal
Trog
Uskayaw
Xom
Yredelemnul
Zin
The Shining One

Shops:
D:4 ?[[

Annotations:
D:6 1 runed translucent door, hgbash's ghost, amateur DENe
Temple 4 transporters


Innate Abilities, Weirdness & Mutations

You are immune to sickness and miasma.
You are immune to poison.
Your flesh is very heat resistant. (rF++)
You are vulnerable to cold. (rC-)
You float through the air rather than walking.
You learn spells naturally, not from books.
Your magical power is your life essence.
You have superior vitality. (+4 MHP)


Message History

Casting: Scorch (safe; 1% risk of failure)
Confirm with . or Enter, or press ? or * to list all spells.
You feel a surge of power!
Flames lash the wight.
The wight is almost destroyed.
The wight hits you with a +4 dire flail!
Casting: Scorch (safe; 1% risk of failure)
Confirm with . or Enter, or press ? or * to list all spells.
You feel a surge of power!
Flames lash the wight but do no damage.
* * * LOW HITPOINT WARNING * * *
The wight closely misses you.
Casting: Scorch (safe; 1% risk of failure)
Confirm with . or Enter, or press ? or * to list all spells.
You feel a surge of power!
Flames lash the wight.
You destroy the wight!
Makhleb accepts your kill.
* * * LOW HITPOINT WARNING * * *
You start resting.
A bullfrog comes into view.
A bullfrog is nearby!
The bullfrog barely misses you. The bullfrog hits you.
* * * LOW HITPOINT WARNING * * *
Casting: Scorch (safe; 1% risk of failure)
Confirm with . or Enter, or press ? or * to list all spells.
You feel a surge of power!
Flames lash the bullfrog.
The bullfrog is almost dead.
The bullfrog's fire resistance burns away.
* * * LOW HITPOINT WARNING * * *
Your martyred shade disappears in a puff of smoke!
The bullfrog hits you!
* * * LOW HITPOINT WARNING * * *
The bullfrog barely misses you. The bullfrog attacks as it pursues you!
The bullfrog hits you but does no damage.
Casting: Scorch (safe; 1% risk of failure)
Confirm with . or Enter, or press ? or * to list all spells.
You feel a surge of power!
You conjure some foxfire!
* * * LOW HITPOINT WARNING * * *
The bullfrog hits you.
You die...

##.##..)()## ##..######.#
#......)...#####..###...##.
...8.)...8....)...##.≈~(.##
.#.....).....#######..≈≈≈##
.....>............##_.(....
##..........########..≈≈≈##
.........).)....# ##.≈~..#
.........Fv.....# ##...##
##)8.....8@.....# #####
#.......v.###### .....#####
#####


You could see a bullfrog (combustible, ally target).

Vanquished Creatures
  Duvessa (D:4)
  A black bear (D:6)
  An ogre (D:6)
  A centaur (D:5)
  2 kobold brigands (D:6)
  4 scorpions
  6 wights (D:6)
  Dowan (D:4)
  2 howler monkeys
  A bombardier beetle (D:4)
  A jelly (D:5)
  2 hounds (D:6)
  Jessica (D:2)
  2 iguanas (D:5)
  A sleepcap (D:6)
  Natasha (thrice) (D:3)
  13 adders
  A shadow imp (D:6)
  A white imp (D:5)
  4 ufetubi
  3 dart slugs
  23 orcs
  4 endoplasms
  A giant cockroach (D:1)
  9 goblins
  9 hobgoblins
  4 jackals (D:3)
  18 kobolds
  2 quokkas
  11 ball pythons
  6 bats
  6 frilled lizards
  7 rats
152 creatures vanquished.

Vanquished Creatures (collateral kills)
  An orc wizard (D:6)
  A kobold (D:6)
2 creatures vanquished.

Vanquished Creatures (others)
  An orc wizard (D:3)
  497 foxfires
498 creatures vanquished.

Grand Total: 652 creatures vanquished

Notes
Turn   | Place    | Note
-------+----------+-------------------------------------------
     0 | D:1      | MisterAzrael the Djinni Fire Elementalist began the quest
                  | for the Orb.
     0 | D:1      | MisterAzrael set off with the following spells memorised:
                  | Foxfire, Scorch, Volatile Blastmotes, Inner Flame, Flame
                  | Wave.
     0 | D:1      | Reached XP level 1. HP: 15/15 MP: 0/0
   120 | D:1      | Reached XP level 2. HP: 19/22 MP: 0/0
   137 | D:1      | Reached skill level 1 in Fighting
   616 | D:1      | Reached XP level 3. HP: 26/27 MP: 0/0
   616 | D:1      | Learned a level 1 spell: Apportation
  1322 | D:2      | Reached skill level 2 in Fighting
  1486 | D:2      | Reached XP level 4. HP: 32/33 MP: 0/0
  1555 | D:2      | Noticed Jessica
  1564 | D:2      | Killed Jessica
  1725 | D:2      | Reached XP level 5. HP: 37/40 MP: 0/0
  1725 | D:2      | Learned a level 2 spell: Blink
  1994 | D:2      | Found a faded altar of an unknown god.
  2030 | D:2      | Reached skill level 3 in Fighting
  2405 | D:3      | Noticed Natasha
  2412 | D:3      | Killed Natasha
  2428 | D:3      | HP: 2/40 [something/magic dart (8)]
  3000 | D:3      | Noticed Natasha
  3009 | D:3      | Killed Natasha
  3010 | D:3      | Reached XP level 6. HP: 27/47 MP: 0/0
  3312 | D:3      | Noticed Natasha
  3321 | D:3      | Killed Natasha
  3322 | D:3      | Reached skill level 4 in Fighting
  3920 | D:4      | Found Jinkolet's Antique Armour Shoppe.
  3943 | D:4      | Found Axujoe's Magic Scroll Emporium.
  3945 | D:4      | Identified the +0 sling of Ineufal {freeze, Fly rElec rF+}
  3991 | D:4      | Identified a scroll of acquirement
  3991 | D:4      | Acquired a staff of fire
  4058 | D:4      | Reached XP level 7. HP: 52/53 MP: 0/0
  4058 | D:4      | Learned a level 3 spell: Summon Ice Beast
  4080 | D:4      | Found Fisykkof's Antique Armour Shop.
  4089 | D:4      | Reached skill level 1 in Evocations
  4282 | D:4      | Noticed Duvessa
  4287 | D:4      | Noticed Dowan
  4289 | D:4      | Killed Duvessa
  4290 | D:4      | Reached skill level 1 in Staves
  4295 | D:4      | Killed Dowan
  4836 | D:4      | Bought a pair of brightly glowing gloves for 247 gold
                  | pieces
  4836 | D:4      | Identified the +1 pair of gloves of the Untouchables
                  | {Int+3} (You bought it in a shop on level 4 of the Dungeon)
  4962 | D:5      | Entered Level 5 of the Dungeon
  5211 | D:5      | Reached skill level 5 in Fighting
  5211 | D:5      | Reached XP level 8. HP: 30/59 MP: 0/0
  5402 | D:5      | Identified the +2 short sword of Killi {freeze, Int+4}
  5791 | D:5      | Found a shimmering altar of Xom.
  5909 | D:5      | Found a staircase to the Ecumenical Temple.
  6137 | Temple   | Found a transporter.
  6137 | Temple   | Found a transporter.
  6137 | Temple   | Found a transporter.
  6137 | Temple   | Found a transporter.
  6137 | Temple   | Entered the Ecumenical Temple
  6256 | D:6      | Found a runed translucent door.
  6256 | D:6      | Found a shimmering altar of Xom.
  6256 | D:6      | Noticed hgbash's ghost (amateur DENe)
  6257 | D:6      | Noticed a +1 mace of chaos
  6264 | D:6      | Reached skill level 5 in Spellcasting
  6264 | D:6      | Reached skill level 5 in Conjurations
  6264 | D:6      | Reached skill level 5 in Hexes
  6264 | D:6      | Reached skill level 5 in Summonings
  6264 | D:6      | Reached skill level 5 in Necromancy
  6264 | D:6      | Reached skill level 5 in Translocations
  6264 | D:6      | Reached skill level 5 in Fire Magic
  6264 | D:6      | Reached skill level 5 in Ice Magic
  6264 | D:6      | Reached skill level 5 in Air Magic
  6264 | D:6      | Reached skill level 5 in Earth Magic
  6264 | D:6      | Reached skill level 5 in Alchemy
  6398 | D:6      | Found a glowing golden altar of the Shining One.
  6449 | D:6      | Found a white marble altar of Elyvilon.
  6449 | D:6      | Found a burning altar of Makhleb.
  6461 | D:6      | Became a worshipper of Makhleb the Destroyer
  6632 | D:6      | Reached skill level 5 in Evocations
  6651 | D:7      | Reached XP level 9. HP: 28/66 MP: 0/0
  6651 | D:7      | Learned a level 4 spell: Martyr's Knell
  6884 | D:6      | Reached skill level 6 in Fighting
  7010 | D:6      | Reached * piety under Makhleb
  7148 | D:6      | Found a bloodstained altar of Trog.
  7242 | D:6      | Slain by a bullfrog

Illustrated notes

Levels and vault maps discovered:
D:1:      matt_arrival_grand_opening, layout_basic
D:2:      layout_loops_ring, nicolae_ecumenical_snake_handling,
          small_statue_intersection, uniq_jessica
D:3:      layout_basic, uniq_natasha
D:4:      layout_basic, serial_shops, nicolae_square_shop, nicolae_square_shop,
          nicolae_shop_advertising_works [nicolae_subvault_shop_adworks],
          hex_tiny, uniq_duvessa
D:5:      layout_loops_ring, general_overflow_altar,
          minmay_temple_entry_poolview
D:6:      layout_rooms, mainiacjoe_overflow_surrounded_room, trog_hazing_becter,
          mainiacjoe_overflow_boulevard, mainiacjoe_overflow_divided_tiny,
          ebering_ghost_xom, st_stairs_1
D:7:      layout_basic, uniq_crazy_yiuf_cottage
Temple:   hellmonk_temple_divided_pantheon

Skill      XL: |  1  2  3  4  5  6  7  8  9 |
---------------+----------------------------+-----
Fighting       | 1 2 3 4 5 6 |  6.2
Spellcasting   | 4 5 |  5.3
Conjurations   | 4 5 |  5.3
Hexes          | 4 5 |  5.3
Summonings     | 4 5 |  5.3
Necromancy     | 4 5 |  5.3
Translocations | 4 5 |  5.3
Fire Magic     | 4 5 |  5.3
Ice Magic      | 4 5 |  5.3
Air Magic      | 4 5 |  5.3
Earth Magic    | 4 5 |  5.3
Alchemy        | 4 5 |  5.3
Evocations     | 2 5 |  5.9
Staves         | 1 3 |  3.6
Dodging        | |  2.1
Stealth        | |  1.5

Action                     |  1- 3 |  4- 6 |  7- 9 || total
---------------------------+-------+-------+-------++-------
  Melee: Unarmed           |    19 |       |       ||    19
         Long sword        |       |    22 |       ||    22
         Staff             |       |       |    33 ||    33
         Punch             |       |       |     1 ||     1
   Cast: Foxfire           |   103 |   112 |    96 ||   311
         Scorch            |     4 |     2 |    15 ||    21
         Inner Flame       |       |     1 |     8 ||     9
         Flame Wave        |       |       |     4 ||     4
         Summon Ice Beast  |       |       |     2 ||     2
         Martyr's Knell    |       |       |     1 ||     1
    Use: Scroll            |       |     2 |     6 ||     8
   Stab: Sleeping          |       |     2 |       ||     2
 Armour: Robe              |    17 |    45 |    86 ||   148
  Dodge: Dodged            |    23 |    53 |    89 ||   165

Table legend: (Time is in decaauts)
 A = Elapsed time spent in this place.
 B = Non-inter-level travel time spent in this place.
 C = Inter-level travel time spent in this place.
 D = Time resting spent in this place.
 E = Time spent auto-exploring this place.
 F = Levels seen in this place.
 G = Mean time per level.
                   A        B        C        D        E       F      G
               +--------+--------+--------+--------+--------+-----+--------+
         Total |   7261 |   6999 |    262 |    994 |   4800 |   8 |  907.6 |
       Dungeon |   7241 |   6979 |    262 |    994 |   4800 |   7 | 1034.4 |
        Temple |     19 |     19 |      0 |      0 |      0 |   1 |   19.0 |
               +--------+--------+--------+--------+--------+-----+--------+

Top non-repeatable levels by time:
     D:2: 1544 daAuts
     D:4: 1290 daAuts
     D:5: 1260 daAuts
     D:1: 1162 daAuts
     D:3: 982 daAuts
     D:6: 774 daAuts
     D:7: 227 daAuts
  Temple: 19 daAuts
